 Dungeon Crawl Stone Soup version 0.21.1-1-g345015fe64 (webtiles) character file.

4022 LevaFresel the Quickloader (level 10, -2/60 HPs)
             Began as a Kobold Hunter on June 8, 2018.
             Was a Believer of Nemelex Xobeh.
             Slain by a two-headed ogre
             ... wielding a +0 giant club
              (6 damage)
             ... on level 7 of the Dungeon.
             The game lasted 01:22:39 (8946 turns).

LevaFresel the Quickloader (Kobold Hunter)          Turns: 8946, Time: 01:22:40

Health: -2/60      AC: 14    Str: 13    XL:     10   Next: 47%
Magic:  4/4        EV: 11    Int: 13    God:    Nemelex Xobeh [**....]
Gold:   416        SH:  0    Dex: 15    Spells: 2/9 levels left

rFire    . . .     SeeInvis .   b - +2 short sword (antimagic)
rCold    . . .     Gourm    .   (shield restricted)
rNeg     . . .     Faith    .   c - +0 chain mail
rPois    +         Spirit   .   (no helmet)
rElec    .         Reflect  .   j - +1 cloak {+Inv}
rCorr    .         Harm     .   B - +0 pair of gloves
MR       .....                  w - +0 pair of boots
Stlth    ..........             n - amulet of regeneration
HPRegen  0.60/turn              r - +3 ring of slaying
MPRegen  0.09/turn              p - ring of poison resistance

@: lethally poisoned (-2 -> -2)
A: small, carnivore
a: Renounce Religion, Evoke Invisibility


You were on level 7 of the Dungeon.
You worshipped Nemelex Xobeh.
Nemelex Xobeh was pleased with you.
You were full.

You visited 2 branches of the dungeon, and saw 9 of its levels.

You collected 481 gold pieces.
You spent 65 gold pieces at shops.

Inventory:

Hand Weapons
 a - a +1 hand crossbow
 b - a +2 antimagic short sword (weapon)
Missiles
 d - 20 bolts
Armour
 c - a +0 chain mail (worn)
 j - a +1 cloak of invisibility (worn)
 w - a +0 pair of boots (worn)
 B - a +0 pair of gloves (worn)
Jewellery
 k - a +4 ring of strength
 n - an amulet of regeneration (around neck)
 p - a ring of poison resistance (right hand)
 r - a +3 ring of slaying (left hand)
Wands
 s - a wand of polymorph (31)
 u - a wand of acid (5)
 z - a wand of clouds (1)
Scrolls
 h - 3 scrolls of identify
 l - 2 scrolls of amnesia
 o - 2 scrolls of blinking
 q - 2 scrolls of teleportation
 t - 4 scrolls of remove curse
 x - a scroll of enchant weapon {unknown}
 C - a scroll of noise {unknown}
Potions
 e - 6 potions of curing
 g - a potion of ambrosia
 m - a potion of heal wounds
 v - a potion of might
 E - a potion of haste
Books
 i - a book of Debilitation

   Spells                             Type                      Level
   a - Corona                         Hexes                        1
   b - Slow                           Hexes                        2
   c - Inner Flame                    Hexes/Fire                   3
   d - Portal Projectile              Hexes/Translocation          3
   e - Cause Fear                     Hexes                        4
   f - Leda's Liquefaction            Hexes/Earth                  4
Comestibles
 f - 25 rations


   Skills:
 + Level 6.2 Fighting
 * Level 7.0 Short Blades
 - Level 10.0 Crossbows
 + Level 4.2 Armour
 + Level 6.8 Dodging
 - Level 2.0 Stealth
 + Level 0.4 Spellcasting
 + Level 0.4 Hexes
 + Level 4.6 Invocations
 - Level 5.0 Evocations


You had 2 spell levels left.
You knew the following spells:

 Your Spells              Type           Power        Failure   Level  Hunger
a - Corona                Hex            #......      100%        1    ##.....
b - Slow                  Hex            #.......     100%        2    ###....
c - Cause Fear            Hex            #.........   100%        4    #####..


Dungeon Overview and Level Annotations

Branches:
Dungeon (8/15)             Temple (1/1) D:5
   Lair: D:8-11

Altars:
Ashenzari
Cheibriados
Dithmenos
Elyvilon
Fedhas
Gozag
Hepliaklqana
Kikubaaqudgha
Makhleb
Nemelex Xobeh
Okawaru
Ru
Trog
Uskayaw
Vehumet
Wu Jian
Xom
Yredelemnul
Zin
The Shining One

Shops:
D:4 *

Annotations:
D:8 JOKERXD40's ghost, novice HOFi


Innate Abilities, Weirdness & Mutations

You are small and have problems with some larger weapons.
You are carnivorous and can eat meat at any time.


Message History

You feel sick. The two-headed ogre misses you.
The two-headed ogre hits you with a giant club.
JOKERXD40's ghost closely misses you.
You climb upwards.
You feel sick.
There is a stone staircase leading down here.
You puncture the two-headed ogre!
The two-headed ogre is severely wounded.
You feel sick.
You puncture the two-headed ogre!
The two-headed ogre is almost dead.
The two-headed ogre hits you with a giant club!
The two-headed ogre hits you with a giant club!!
* * * LOW HITPOINT WARNING * * *
You hit the two-headed ogre.
The two-headed ogre is almost dead.
You feel sick.
The two-headed ogre hits you but does no damage.
The two-headed ogre hits you with a giant club.
You die...
Your body disappears without a glow.

[# #.# #.## ##.# ##'## #.. ####.#
##.## ##.## ##...####. ##..#
##.###.## ##.....###. ##..##
##.#.## ##.......##.
#...###########...####.........#.
...[.................'.........'.
#...###########...####.........##
##.....## ##[## ##.......##
#.......# #@# ##.....## #...##..#
#O# ##...## #...##..# #.## ##'##
#....#..# #..# #.# #..#.#..#
##.########.## #.......#
#.##........# ##.#.#.##
#.##.#.##...##### ##.....#
#.##.#.#......... .....###
##.##.#......#####


You could see a two-headed ogre.

Vanquished Creatures
  Pikel (D:3)
  2 wraiths (D:7)
  Eustachio (D:4)
  A hungry ghost (D:2)
  A warg (D:5)
  2 eyes of draining (D:5)
  3 orc warriors
  3 sky beasts
  3 ogres
  2 centaurs
  An elf zombie (D:7)
  2 bullfrogs
  A water moccasin zombie (D:7)
  A scorpion (D:6)
  A troll zombie (D:7)
  A wight (D:7)
  4 crimson imps
  3 hounds
  4 orc priests
  4 human zombies (D:7)
  4 jellies
  A bullfrog skeleton (D:4)
  Crazy Yiuf (D:4)
  A human skeleton (D:7)
  5 iguanas
  5 orc wizards
  A worker ant (D:5)
  Natasha (thrice) (D:2)
  A hound skeleton (D:4)
  2 mummies (D:7)
  11 gnolls
  6 adders
  2 oozes
  3 worms
  4 leopard geckos
  30 orcs
  9 bats
  6 giant cockroaches
  17 goblins
  16 hobgoblins
  4 jackals (D:2)
  10 kobolds
  4 quokkas
  3 ball pythons
  3 frilled lizards
  A jackal zombie (D:3)
  A leopard gecko skeleton (D:4)
  A leopard gecko zombie (D:5)
  2 rats
198 creatures vanquished.

Vanquished Creatures (others)
  2 ogres
  2 orcs (D:5)
  A giant cockroach (D:5)
  2 fungi (D:4)
7 creatures vanquished.

Grand Total: 205 creatures vanquished

Notes
Turn   | Place    | Note
-------+----------+-------------------------------------------
     0 | D:1      | LevaFresel the Kobold Hunter began the quest for the Orb.
     0 | D:1      | Reached XP level 1. HP: 12/12 MP: 1/1
    63 | D:1      | Reached XP level 2. HP: 17/17 MP: 2/2
    76 | D:1      | Reached skill level 5 in Crossbows
   535 | D:1      | Reached XP level 3. HP: 22/22 MP: 3/3
   545 | D:1      | Reached skill level 1 in Short Blades
   872 | D:2      | Found a glowing golden altar of the Shining One.
   924 | D:2      | Noticed a hungry ghost
   930 | D:2      | Killed a hungry ghost
   930 | D:2      | Reached skill level 6 in Crossbows
   930 | D:2      | Reached skill level 1 in Armour
   930 | D:2      | Reached XP level 4. HP: 28/28 MP: 4/4
   930 | D:2      | Reached XP level 5. HP: 32/32 MP: 5/5
  1101 | D:2      | Noticed Natasha
  1106 | D:2      | Killed Natasha
  1106 | D:2      | Reached XP level 6. HP: 35/37 MP: 6/6
  1110 | D:2      | Found a snail-covered altar of Cheibriados.
  1213 | D:2      | Noticed Natasha
  1216 | D:2      | Killed Natasha
  1349 | D:2      | Found a shimmering altar of Xom.
  1428 | D:2      | Noticed Natasha
  1446 | D:2      | Killed Natasha
  1996 | D:4      | Reached XP level 7. HP: 41/41 MP: 7/7
  2107 | D:3      | Found a sparkling altar of Nemelex Xobeh.
  2126 | D:3      | Became a worshipper of Nemelex Xobeh the Trickster
  2282 | D:3      | Received a gift from Nemelex Xobeh
  2371 | D:3      | Found a shadowy altar of Dithmenos.
  2804 | D:4      | Found Hamoa's General Store.
  2826 | D:4      | Got a polished ring mail
  2885 | D:4      | Reached skill level 7 in Crossbows
  2887 | D:4      | Reached skill level 1 in Evocations
  2988 | D:4      | Noticed Pikel
  3147 | D:3      | Killed Pikel
  3147 | D:3      | Reached skill level 1 in Invocations
  3147 | D:3      | Reached XP level 8. HP: 26/48 MP: 7/9
  3218 | D:4      | Identified the +10 ring mail "Utuis" {rElec Dex+9 Slay-5} (You found it on level 4 of the Dungeon)
  3229 | D:4      | Bought a scroll of teleportation for 30 gold pieces
  3229 | D:4      | Bought a scroll of fear for 35 gold pieces
  3531 | D:4      | Noticed Eustachio
  3767 | D:5      | Entered Level 5 of the Dungeon
  3791 | D:4      | Reached skill level 8 in Crossbows
  3919 | D:5      | Reached * piety under Nemelex Xobeh
  4113 | D:4      | Killed Eustachio
  4113 | D:4      | Reached skill level 5 in Dodging
  4626 | D:4      | Found a runed door.
  4630 | D:4      | Noticed Crazy Yiuf
  4636 | D:4      | Killed Crazy Yiuf
  4823 | D:5      | Reached XP level 9. HP: 52/52 MP: 11/11
  4989 | D:5      | Found a glowing silver altar of Zin.
  5104 | D:5      | Reached skill level 5 in Short Blades
  5219 | D:5      | Reached skill level 5 in Fighting
  5233 | D:5      | Found an iron altar of Okawaru.
  5503 | D:5      | Found a staircase to the Ecumenical Temple.
  5512 | Temple   | Entered the Ecumenical Temple
  5733 | D:5      | Found a bloodstained altar of Trog.
  5923 | D:5      | Reached skill level 9 in Crossbows
  6737 | D:6      | Reached ** piety under Nemelex Xobeh
  7473 | D:7      | Reached XP level 10. HP: 42/60 MP: 4/13
  7640 | D:7      | Found a hazy altar of Hepliaklqana.
  7689 | D:7      | Found a basalt altar of Yredelemnul.
  7938 | D:7      | Reached skill level 10 in Crossbows
  8207 | D:6      | Reached skill level 5 in Evocations
  8501 | D:7      | Learned a level 1 spell: Corona
  8504 | D:7      | Learned a level 2 spell: Slow
  8509 | D:7      | Learned a level 4 spell: Cause Fear
  8909 | D:8      | Noticed JOKERXD40's ghost (novice HOFi)
  8914 | D:8      | Noticed a two-headed ogre
  8946 | D:7      | Slain by a two-headed ogre

Skill      XL: |  1  2  3  4  5  6  7  8  9 10 |
---------------+-------------------------------+-----
Crossbows      | 5 6 7 8 9 10 | 10.0
Short Blades   | 2 3 4 6 7 |  7.0
Stealth        | 2 |  2.0
Fighting       | 3 4 5 6 |  6.2
Armour         | 1 2 3 4 |  4.2
Dodging        | 3 4 5 6 |  6.8
Evocations     | 2 3 4 5 |  5.0
Invocations    | 1 2 3 4 |  4.6
Spellcasting   | |  0.4
Hexes          | |  0.4

Action                   |  1- 3 |  4- 6 |  7- 9 | 10-12 || total
-------------------------+-------+-------+-------+-------++-------
Melee: Short sword       |    52 |    16 |   204 |   249 ||   521
       Dagger            |       |   124 |   661 |       ||   785
 Fire: Hand crossbow     |    27 |    61 |   162 |     3 ||   253
Evoke: Deck              |       |       |     7 |       ||     7
       Wand              |       |       |    14 |     2 ||    16
  Use: Scroll            |       |     2 |    16 |       ||    18
       Potion            |       |       |     3 |       ||     3
 Stab: Sleeping          |     1 |     4 |       |       ||     5
  Eat: Chunk             |     7 |     3 |    17 |     6 ||    33
Armor: Leather armour    |    15 |    54 |    57 |       ||   126
       Chain mail        |       |       |   268 |    75 ||   343
Dodge: Dodged            |    41 |   131 |   506 |   106 ||   784
